 Dungeon Crawl Stone Soup version 0.20-a0-256-gabb291d (webtiles) character file.

403 Faca the Shield-Bearer (level 7, -6/53 HPs)
             Began as a Formicid Fighter on Dec 1, 2016.
             Was an Initiate of Okawaru.
             Incinerated by jasper's ghost (8 damage)
             ... with a sticky flame
             ... on level 4 of the Dungeon on Dec 2, 2016.
             The game lasted 00:14:15 (2808 turns).

Faca the Shield-Bearer (Formicid Fighter)           Turns: 2808, Time: 00:14:16

Health: -6/53      AC:  8    Str: 16    XL:     7   Next: 11%
Magic:  7/7        EV:  8    Int:  8    God:    Okawaru [......]
Gold:   210        SH:  9    Dex: 12    Spells: 6/6 levels left

rFire  . . .     SeeInvis +     a - +0 war axe
rCold  + . .     Gourm    .     b - +0 scale mail
rNeg   . . .     Faith    .     c - +0 shield
rPois  .         Spirit   .     (helmet unavailable)
rElec  .         Reflect  .     (no cloak)
rCorr  +         Harm     .     h - +0 pair of gloves
MR     .....                    (no boots)
Stlth  ..........               (no amulet)
                                g - ring of protection from cold
                                i - ring of resist corrosion

@: liquid flames, glowing
A: permanent stasis, dig shafts and tunnels, four strong arms, antennae 3,
hooves 1, weak 2
a: Dig, Shaft Self, Renounce Religion


You were on level 4 of the Dungeon.
You worshipped Okawaru.
Okawaru was noncommittal.
You were not hungry.

You visited 1 branch of the dungeon, and saw 4 of its levels.

You collected 210 gold pieces.

Inventory:

Hand Weapons
 a - a +0 war axe (weapon)
Armour
 b - a +0 scale mail (worn)
 c - a +0 shield (worn)
 h - a +0 pair of gloves (worn)
Jewellery
 g - a ring of protection from cold (right hand)
 i - a ring of resist corrosion (left hand)
Scrolls
 e - 3 scrolls of magic mapping
 l - 3 scrolls of remove curse
 n - 3 scrolls of identify
Potions
 d - a potion of might
 j - a potion of berserk rage {unknown}
 k - a potion of agility
 o - a potion of curing
 p - a potion of lignification {unknown}
 q - a potion of heal wounds {unknown}
Comestibles
 f - 3 bread rations


   Skills:
 + Level 3.9 Fighting
 + Level 4.8 Axes
 + Level 4.6 Armour
 + Level 1.4 Dodging
 + Level 0.3 Stealth
 + Level 5.0 Shields


You had 6 spell levels left.
You didn't know any spells.

Dungeon Overview and Level Annotations

Branches:
Dungeon (4/15)
 Temple: D:4-7

Altars:
Okawaru

Annotations:
D:4 Dowan; jasper's ghost, amateur DEFE


Innate Abilities, Weirdness & Mutations

You cannot be hasted, slowed, berserked, paralysed or teleported.
You can dig through walls and to a lower floor.
Your four strong arms can wield two-handed weapons with a shield.
You have a pair of large antennae on your head. (SInv)
You have large cloven feet.
You are very weak. (Str -4)


Message History

You closely miss jasper's ghost. Your kick misses jasper's ghost.
Jasper's ghost is severely damaged.
Jasper's ghost sprays you with burning goo.
The sticky flame hits you!
You are covered in liquid flames!
You hit jasper's ghost but do no damage.
Your kick misses jasper's ghost.
Jasper's ghost is severely damaged.
You are covered in liquid flames!
* * * LOW HITPOINT WARNING * * *
You block jasper's ghost's attack. x2
You hit jasper's ghost but do no damage.
Jasper's ghost is severely damaged.
You are covered in liquid flames!
* * * LOW HITPOINT WARNING * * *
Jasper's ghost closely misses you.
You miss jasper's ghost.
Jasper's ghost is severely damaged.
You are covered in liquid flames!
You die...

##........#....#....#.#.#...#####
.......#.##...........#..........
.......#.##.###.....###..........
............# #..........#.......
........##### #....#.............
........#######....#.##.##.......
.#...................#...#.......
.......###.....................##
...#.....#.....W@......_.......#.
..........######.#.............#.
..........#### #<....#...#.....#.
........{W...# #.....##.##....##.
.............# #.................
.............###............###..
..............##.#.##.......#....
........e......#............#....
...............####.##......#....


You could see jasper's ghost.

Vanquished Creatures
  A bullfrog (D:3)
  A jelly (D:2)
  2 orc wizards (D:3)
  A bullfrog skeleton (D:3)
  An iguana (D:4)
  2 worker ants (D:4)
  5 adders
  2 oozes
  5 worms
  A dart slug (D:2)
  2 leopard geckos
  6 orcs
  4 giant cockroaches
  9 goblins
  5 hobgoblins
  6 jackals
  11 kobolds
  6 bats
  7 frilled lizards
  7 rats
84 creatures vanquished.

Notes
Turn   | Place    | Note
-------+----------+-------------------------------------------
     0 | D:1      | Faca the Formicid Fighter began the quest for the Orb.
     0 | D:1      | Reached XP level 1. HP: 18/18 MP: 1/1
   184 | D:1      | Gained mutation: You are weak. (Str -2) [potion of mutation]
   184 | D:1      | Gained mutation: You are very weak. (Str -4) [potion of mutation]
   184 | D:1      | Gained mutation: You have large cloven feet. [potion of mutation]
   245 | D:1      | Reached XP level 2. HP: 24/24 MP: 2/2
   343 | D:1      | Reached skill level 4 in Shields
   626 | D:2      | Reached XP level 3. HP: 25/29 MP: 3/3
   777 | D:2      | Reached XP level 4. HP: 22/37 MP: 4/4
  1311 | D:2      | Reached XP level 5. HP: 38/42 MP: 5/5
  1534 | D:3      | Reached skill level 1 in Dodging
  1537 | D:3      | Reached XP level 6. HP: 27/48 MP: 6/6
  2078 | D:4      | Found an iron altar of Okawaru.
  2097 | D:4      | Became a worshipper of Warmaster Okawaru
  2366 | D:4      | Noticed Dowan
  2366 | D:4      | Noticed jasper's ghost (amateur DEFE)
  2416 | D:3      | HP: 1/48 [burnt (5)]
  2606 | D:3      | Reached skill level 5 in Shields
  2606 | D:3      | Reached XP level 7. HP: 29/53 MP: 7/7
  2807 | D:4      | HP: 1/53 [burnt (9)]
  2808 | D:4      | Incinerated by jasper's ghost

Vault maps used:
D:1:      dpeg_arrival_simpleton_c, roderic_roman_lattice
D:2:      minmay_diamond_boxcup, kennysheep_generic_room_9
D:3:      first_bread
D:4:      okawaru_gym_becter, uniq_duvessa

Skill      XL: |  1  2  3  4  5  6 |
---------------+-------------------+-----
Shields        | 4 5 |  5.0
Axes           | 3 4 |  4.8
Armour         | 4 |  4.6
Dodging        | 1 |  1.4
Fighting       | |  3.9
Stealth        | |  0.3

Action                   |  1- 3 |  4- 6 |  7- 9 || total
-------------------------+-------+-------+-------++-------
Melee: War axe           |    77 |   229 |    21 ||   327
       Kick              |     9 |    47 |     5 ||    61
  Use: Scroll            |     4 |     3 |       ||     7
       Potion            |     2 |       |       ||     2
  Eat: Beef jerky        |       |     2 |       ||     2
       Fruit             |       |     4 |       ||     4
Armor: Scale mail        |    44 |    83 |     4 ||   131
Dodge: Dodged            |    22 |    94 |     5 ||   121
Block: Shield            |    37 |   122 |    10 ||   169
